Hoke, lawful male human Samurai ------ ------ ------- |.-..| +....+ |...... |.|..| |....| |.....| |.----+-----....----+--+----- | |...... |................................ |.....| ##|..-+-----+--......--+----+-- | |<....-#####...| |..| |.....{| ------- #|..| |..| |......| |..----|-----......| |.............{.%.@| |.-------+-------T.| |.-.)!(| |(((.D..+ |.|.*)[| |(((.|..| |.|./.*| |(((.|..| |.---------------..----------- | |...............................| --------------------------------- Hoke the Ronin Experience level: 5 Strength: 17 Dexterity: 15 Constitution: 17 Intelligence: 9 Wisdom: 9 Charisma: 7 Health: 0(46) Energy: 21(21) Def: 11 Gold: 0 Moves: 2227 Dungeon seed: TMJogE9M51UM1Tva Game ID: Hoke_1588184393 Your Inventory: Weapons a - an uncursed +0 katana b - an uncursed +2 wakizashi (weapon in hand) c - a blessed +1 yumi named Bow of Carnage d - 43 uncursed +0 ya (in quiver) g - 12 uncursed +0 shuriken H - an uncursed +0 long sword Armor e - an uncursed rustproof +0 splint mail (being worn) n - an uncursed +0 pair of yugake (being worn) r - an uncursed +0 elven cloak (being worn) y - an uncursed +0 orcish helm (being worn) z - an uncursed +0 pair of iron shoes (being worn) Comestibles w - an uncursed gunyoki Scrolls o - an uncursed scroll of magic mapping S - an uncursed scroll of gold detection Wands u - an uncursed wand of polymorph (0:0) F - an uncursed wand of enlightenment (0:11) Tools M - an uncursed +0 pick-axe O - an uncursed skeleton key P - an uncursed oil lamp (0:800) Gems q - an uncursed touchstone s - an uncursed jacinth t - an uncursed fluorite N - an uncursed worthless piece of yellowish brown glass Y - 2 uncursed chrysoberyls Spells and supernatural/magical abilities: Name Level Category Fail Memory j - jumping 1 escape 100% 97% W - pray for help -- divine ? -- Your skills at the end: Miscellaneous Skills martial arts [Basic] wands [Basic] Weapon Skills short sword [Basic] long sword [Basic] bow [Basic] shuriken [Basic] Spellcasting Skills Final Attributes: You were stridently aligned. You were somewhat stealthy. You were fast. Amaterasu Omikami was angry with you. You are dead. Vanquished creatures: a water nymph 4 gnome lords a gnomish wizard a straw golem 2 puppies a floating eye 3 dwarves an iguana 3 coyotes a hobbit a large kobold a gecko 11 gnomes a jackal a fox 6 newts a goblin a sewer rat a grid bug a lichen a kobold zombie 44 creatures vanquished. Voluntary challenges: You did not adorn yourself with jewelry or accessories. You did not cause conflict. You were not invisible. You did not have reflection. You were not displaced. You used a wielded weapon 31 times, starting on turn 660. You did not apply a unicorn horn. You did not use sinks. You read items or engraved 8 times, starting on turn 22. You never genocided any monsters. You polymorphed 5 items, starting on turn 2224. You never changed form. You used no wishes. You never split a pudding. You never wrote Elbereth's name. You violated bushido, losing 6 points of alignment, starting on turn 1057. Dungeon overview: The Dungeons of Doom: levels 1 to 2 Level 1 a long staircase Level 2 a wand shop, an altar to Amaterasu Omikami stairs to The Gnomish Mines The Gnomish Mines: levels 3 to 5 Level 3 stairs to The Dungeons of Doom Level 4 Level 5 <- You were here some shops, some fountains History has recorded: On T:1 you entered the Dungeons of Doom to retrieve the Amulet of Yendor! On T:209 you reached level 2 of The Dungeons of Doom. On T:636 you prayed to Amaterasu Omikami. On T:681 you prayed to Amaterasu Omikami. On T:702 you advanced to experience level 2. On T:935 you reached level 1 of The Gnomish Mines. On T:946 you advanced to experience level 3. On T:1046 you reached level 2 of The Gnomish Mines. On T:1058 you advanced to experience level 4. On T:1068 you advanced to experience level 5. On T:2013 you reached level 3 of The Gnomish Mines. Score breakdown: Gold: 0 ( 0 points) Experience: 5 levels ( 400 points) Exploration: 5 levels ( 120 points) Discoveries: 10 items ( 500 points) Variety of kills: 21 monsters ( 1050 points) Major goal: (nothing yet) ( 0 points) Survival: died (score multiplied by 3) Total score: 6210 Latest messages: The guardian naga hatchling misses. You see here a gnome corpse. The guardian naga hatchling bites! Please move the cursor to an unknown object. A young silver dragon on a melon on the floor of a room. Something gets angry! The ettin mummy scratches you! (2x) Izchak the young red dragon is furious! The Olog-hai claws you! (2x) The Olog-hai bites! You die... Izchak comes and takes all your possessions. Final status: Sayonara Hoke the Samurai, killed by an Olog-hai... You died in The Gnomish Mines on dungeon level 5 with 6210 points, and 0 pieces of gold, after 2227 moves. You were level 5 with a maximum of 46 hit points when you died.